 Dungeon Crawl Stone Soup version 0.23-a0-305-g7ffd15e (webtiles) character file.

1999 Ijustatesigmund the Ducker (level 9, -7/58 HPs)
             Began as an Octopode Wizard on Oct 9, 2018.
             Was a Follower of Cheibriados.
             Mangled by an orc warrior
             ... wielding a +0 long sword
              (10 damage)
             ... on level 5 of the Dungeon.
             The game lasted 00:24:31 (11089 turns).

Ijustatesigmund the Ducker (Octopode Wizard)       Turns: 11089, Time: 00:24:31

Health: -7/58      AC:  8    Str:  9    XL:     9   Next: 21%
Magic:  13/13      EV: 22    Int: 23    God:    Cheibriados [*.....]
Gold:   289        SH:  0    Dex: 22    Spells: 5/14 levels left

rFire    + . .     SeeInvis .   d - +3 flail (protect)
rCold    . . .     Gourm    .   (no shield)
rNeg     . . .     Faith    .   a - +0 hat
rPois    +         Spirit   .   (no amulet)
rElec    .         Reflect  .   i - ring of protection from magic
rCorr    .         Harm     .   g - ring of poison resistance
MR       +....                  e - ring of protection from fire
Stlth    +++++.....             (no ring)
HPRegen  0.19/turn              (no ring)
MPRegen  0.13/turn              (no ring)
                                (no ring)
                                (no ring)

@: agile, protection aura, very slow
A: almost no armour, stealthy swim, amphibious, 8 rings, constrict 8, camouflage
1, gelatinous body 1
a: Bend Time, Renounce Religion


You were on level 5 of the Dungeon.
You worshipped Cheibriados.
Cheibriados was aware of your devotion.
You were hungry.

You visited 1 branch of the dungeon, and saw 6 of its levels.
You also visited: Ossuary.

You collected 289 gold pieces.

Inventory:

Hand Weapons
 d - a +3 flail of protection (weapon)
Armour
 a - a +0 hat (worn)
Jewellery
 e - a ring of protection from fire (on tentacle)
 g - a ring of poison resistance (right tentacle)
 i - a ring of protection from magic (left tentacle)
Scrolls
 f - 3 scrolls of remove curse
Potions
 k - a potion of magic
 l - 4 potions of flight
 n - 2 potions of brilliance
 o - 3 potions of lignification
 p - 2 potions of resistance {unknown}
 r - 3 potions of curing
Comestibles
 c - 10 rations


   Skills:
 - Level 3.6 Fighting
 - Level 3.2 Maces & Flails
 + Level 5.2 Dodging
 - Level 2.6 Stealth
 - Level 3.0 Spellcasting
 - Level 4.0 Conjurations
   Level 1.0 Summonings
 - Level 3.3 Translocations
 + Level 4.6 Fire Magic
 - Level 3.1 Air Magic
 - Level 3.8 Poison Magic
 - Level 3.2 Invocations


You had 5 spell levels left.
You knew the following spells:

 Your Spells              Type           Power        Failure   Level  Hunger
a - Magic Dart            Conj           ###.         2%          1    None
b - Blink                 Tloc           N/A          4%          2    ##.....
c - Mephitic Cloud        Conj/Pois/Air  ###.....     8%          3    ###....
d - Conjure Flame         Conj/Fire      ###.....     6%          3    ###....

Your spell library contained the following spells:

 Spells                   Type           Power        Failure   Level  Hunger
 Call Imp                 Summ           #.......     12%         2    ##.....
 Slow                     Hex            #.......     17%         2    ##.....


Dungeon Overview and Level Annotations

Branches:
Dungeon (6/15)             Temple (0/1) D:5

Altars:
Cheibriados
Hepliaklqana
Kikubaaqudgha
Okawaru
Sif Muna
Vehumet
Yredelemnul

Shops:
D:5 :

Annotations:
D:6 Menkaure


Innate Abilities, Weirdness & Mutations

You cannot wear most types of armour.
You are very stealthy in the water. (Stealth+)
You are amphibious.
You can wear up to eight rings at the same time.
You can use your tentacles to constrict eight enemies at once.
Your skin changes colour to match your surroundings (Stealth+).
Your rubbery body absorbs attacks. (AC +1, EV +1)


Message History

You constrict the orc warrior, but do no damage.
The orc warrior misses you.
You hit the orc warrior.
The orc warrior is severely wounded.
You constrict the orc warrior, but do no damage.
The orc warrior hits you with a long sword!
* * * LOW HITPOINT WARNING * * *
You hit the orc warrior.
The orc warrior is almost dead.
You constrict the orc warrior, but do no damage.
The orc warrior hits you with a long sword!
* * * LOW HITPOINT WARNING * * *
You hit the orc warrior.
The orc warrior is almost dead.
You constrict the orc warrior. The orc warrior completely misses you.
You hit the orc warrior but do no damage.
The orc warrior is almost dead.
You constrict the orc warrior, but do no damage.
The orc warrior hits you with a long sword!
You die...

###.............#######.##.#
....##..##.#....# #..##[#
######..#.(###..# #.###.#
#..#..##...# #.# #.#
#.########## #.# #.# ###..
#.# #.# #.> .>. #.# #.# #..
...### #.# #(# #########@#
#.# #.# #######.#.#..#o#
##.# #.# ###.......#.#..#.#
#..# #.# ....#######.#..#.##
#.## #.## .########
#.#.##..###.# #..#
........###.#.###.....# ##.#
#######.......# ####..# #.#
###########.#### #..## #.#
.#...#.........# ##..####.#


You could see an orc warrior.

Vanquished Creatures
  Pikel (D:6)
  Grinder (D:3)
  An orc warrior (D:5)
  2 slaves (D:5)
  A black bear (D:5)
  3 bullfrogs
  A water moccasin skeleton (D:5)
  A howler monkey (D:5)
  A centaur zombie (Ossuary)
  5 orc priests
  A hound (D:5)
  A jelly (D:5)
  A bullfrog skeleton (D:5)
  A centaur skeleton (D:4)
  5 orc wizards
  A gnoll shaman (D:5)
  Jessica (D:2)
  A worker ant (D:4)
  A killer bee zombie (D:5)
  2 mummies (Ossuary)
  A worker ant zombie (D:5)
  4 gnolls
  10 adders
  An adder skeleton (D:4)
  5 adder zombies
  2 worms
  3 dart slugs
  5 leopard geckos
  26 orcs
  4 bats
  6 giant cockroaches
  8 goblins
  8 hobgoblins
  7 jackals
  5 kobolds
  5 frilled lizards
  4 goblin zombies (Ossuary)
  11 hobgoblin zombies (Ossuary)
  2 jackal zombies (Ossuary)
  7 kobold zombies (Ossuary)
  6 orc zombies (Ossuary)
  A quokka skeleton (D:5)
  5 rats
  2 rat zombies (Ossuary)
170 creatures vanquished.

Vanquished Creatures (others)
  A slave (D:6)
  A bullfrog (D:6)
  A plant (D:6)
3 creatures vanquished.

Grand Total: 173 creatures vanquished

Notes
Turn   | Place    | Note
-------+----------+-------------------------------------------
     0 | D:1      | Ijustatesigmund the Octopode Wizard began the quest for the
                  | Orb.
     0 | D:1      | Reached XP level 1. HP: 11/11 MP: 4/4
   216 | D:1      | Reached XP level 2. HP: 16/17 MP: 0/6
  1124 | D:1      | Reached XP level 3. HP: 21/21 MP: 4/7
  1682 | D:2      | Found a radiant altar of Vehumet.
  1969 | D:2      | Noticed Jessica
  1974 | D:2      | Killed Jessica
  1974 | D:2      | Reached XP level 4. HP: 27/27 MP: 5/8
  1978 | D:2      | Learned a level 2 spell: Blink
  1982 | D:2      | Learned a level 3 spell: Mephitic Cloud
  2247 | D:3      | Noticed a bullfrog
  2254 | D:3      | Killed a bullfrog
  2254 | D:3      | Reached skill level 1 in Air Magic
  2254 | D:3      | Reached skill level 1 in Poison Magic
  2254 | D:3      | Reached XP level 5. HP: 22/31 MP: 0/9
  3237 | D:3      | Reached XP level 6. HP: 18/36 MP: 3/10
  3317 | D:3      | Found a hazy altar of Hepliaklqana.
  3365 | D:3      | Noticed Grinder
  3389 | D:3      | Killed Grinder
  3389 | D:3      | Reached XP level 7. HP: 13/41 MP: 6/11
  4214 | D:4      | Reached skill level 1 in Fighting
  4720 | D:4      | Found a basalt altar of Yredelemnul.
  5288 | D:4      | Reached skill level 1 in Maces & Flails
  5670 | D:4      | Found a snail-covered altar of Cheibriados.
  5902 | D:4      | Became a worshipper of Cheibriados the Contemplative
  6052 | D:5      | Entered Level 5 of the Dungeon
  6074 | D:5      | Reached skill level 1 in Invocations
  6137 | D:5      | Reached XP level 8. HP: 54/54 MP: 0/12
  6192 | D:5      | Found a sand-covered staircase.
  6296 | Ossuary  | Entered an ossuary
  6786 | Ossuary  | Reached * piety under Cheibriados
  7834 | D:5      | Found Weavun's Book Shoppe.
  7846 | D:5      | Learned a level 3 spell: Conjure Flame
  7858 | D:5      | Reached skill level 1 in Fire Magic
  8125 | D:5      | Found a staircase to the Ecumenical Temple.
  8775 | D:5      | Reached skill level 3 in Dodging
  9077 | D:4      | Found an iron altar of Okawaru.
  9077 | D:4      | Found an ancient bone altar of Kikubaaqudgha.
  9077 | D:4      | Found a deep blue altar of Sif Muna.
 10879 | D:6      | Reached skill level 4 in Dodging
 10884 | D:6      | Noticed Pikel
 10897 | D:6      | Killed Pikel
 10897 | D:6      | Reached skill level 5 in Dodging
 10897 | D:6      | Reached XP level 9. HP: 43/58 MP: 5/13
 10897 | D:6      | Noticed Menkaure
 11005 | D:5      | HP: 1/58 [orc warrior/long sword (18)]
 11087 | D:5      | HP: 2/58 [orc warrior/long sword (15)]
 11089 | D:5      | Mangled by an orc warrior

Vault maps used:
D:1:      minmay_arrival_nine_rooms, supply_closet_lemuel,
          minmay_misc_feat_cross, serial_park_tiny_1, minivault_26,
          minmay_pentomino_v2
D:2:      vehumet_crystals, uniq_jessica
D:3:      nicolae_overflow_crystal_walls, uniq_grinder
D:4:      old_standard_altar, nicolae_overflow_hidden_temple, first_ration
D:5:      minmay_temple_entry_from_below_a, serial_shops, shop,
          nicolae_ossuary_entry_false_entrances
D:6:      fedhas_altar_1, uniq_pikel, uniq_menkaure
Ossuary:  ossuary_tomb_1

Skill      XL: |  1  2  3  4  5  6  7  8 |
---------------+-------------------------+-----
Conjurations   | 2 4 |  4.0
Air Magic      | 1 2 3 |  3.1
Poison Magic   | 1 2 3 |  3.8
Translocations | 2 3 |  3.3
Fighting       | 3 |  3.6
Maces & Flails | 2 3 |  3.2
Invocations    | 1 3 |  3.2
Fire Magic     | 4 |  4.6
Dodging        | 5 |  5.2
Stealth        | |  2.6
Spellcasting   | |  3.0
Summonings     | |  1.0

Action                   |  1- 3 |  4- 6 |  7- 9 || total
-------------------------+-------+-------+-------++-------
Melee: Whip              |    37 |    34 |    38 ||   109
       Constrict         |     7 |    13 |    42 ||    62
       Tentacles         |     1 |     7 |    35 ||    43
       Flail             |       |       |   130 ||   130
 Cast: Magic Dart        |    55 |    73 |   267 ||   395
       Mephitic Cloud    |       |     1 |    10 ||    11
       Blink             |       |       |    11 ||    11
  Use: Scroll            |     3 |     3 |    10 ||    16
       Potion            |       |     4 |     7 ||    11
 Stab: Sleeping          |     1 |       |       ||     1
       Confused          |       |       |     1 ||     1
  Eat: Chunk             |     3 |     5 |     6 ||    14
       Ration            |       |       |     3 ||     3
Armor: Skin              |     4 |       |    51 ||    55
Dodge: Dodged            |    28 |    20 |   202 ||   250

Table legend:
 A = Non-vault XP
 B = Vault XP
 C = Vault XP percentage of total XP
 D = Non-vault monster count
 E = Vault monster count
 F = Vault count percentage of total count
                 A         B        C        D         E       F
            +---------+---------+-------+---------+---------+-------
      Total |    1756 |    1100 |  38.5 |     125 |      43 |  25.6
            +---------+---------+-------+---------+---------+-------
        D:1 |      39 |       2 |   4.9 |      22 |       1 |   4.3
        D:2 |      39 |      37 |  48.7 |      13 |       1 |   7.1
        D:3 |     280 |     290 |  50.9 |      28 |       1 |   3.4
        D:4 |     413 |       0 |   0.0 |      32 |       0 |   0.0
        D:5 |     754 |       0 |   0.0 |      22 |       0 |   0.0
        D:6 |     231 |     633 |  73.3 |       8 |       1 |  11.1
    Ossuary |       0 |     138 | 100.0 |       0 |      39 | 100.0
            +---------+---------+-------+---------+---------+-------
